 Dungeon Crawl Stone Soup version 0.32-a0-361-g289a535 (webtiles) character file.

Game seed: 14435479966127821866

573 Nithhogg the Chopper (level 7, -1/60 HPs)
             Began as a Mountain Dwarf Fighter on Feb 18, 2024.
             Was an Initiate of Qazlal.
             Slain by an ice beast (7 damage)
             ... on level 5 of the Dungeon.
             The game lasted 00:07:02 (4527 turns).

Nithhogg the Chopper (Mountain Dwarf Fighter)       Turns: 4527, Time: 00:07:03

Health: -1/60      AC:  7    Str: 20    XL:     7   Next: 12%
Magic:  11/11      EV:  9    Int:  9    God:    Qazlal [......]
Gold:   349        SH:  0    Dex:  9    Spells: 6/6 levels left

rFire   . . .        a - +0 war axe
rCold   . . .        (no shield)
rNeg    . . .        b - +0 scale mail
rPois   .            (no helmet)
rElec   .            (no cloak)
rCorr   .            (no gloves)
SInv    +            (no boots)
Will    .....        s - amulet of the acrobat Stlth
                     (no ring)
HPRegen 0.30/turn    (no ring)
MPRegen 0.12/turn

%: acrobat
@: weak-willed
A: runic magic, artefact enchanting, sense surroundings 1
a: Renounce Religion


You were on level 5 of the Dungeon.
You worshipped Qazlal.
Qazlal was noncommittal.
You visited 2 branches of the dungeon, and saw 7 of its levels.

You collected 349 gold pieces.

Inventory:

Hand Weapons
 a - a +0 war axe (weapon)
Missiles
 A - a throwing net (quivered)
 B - 4 javelins
Armour
 b - a +0 scale mail (worn)
 c - a +0 buckler
 p - a +0 plate armour
 q - a +0 helmet
 y - a +0 helmet
Jewellery
 s - an amulet of the acrobat (around neck)
Wands
 m - a wand of flame (18)
 w - a wand of digging (7)
 x - a wand of iceblast (8)
Scrolls
 i - 2 scrolls of vulnerability
 l - a scroll of enchant weapon {unknown}
 o - a scroll of brand weapon {unknown}
 t - a scroll of teleportation {unknown}
 u - 2 scrolls of identify {unknown}
 v - a scroll of torment {unknown}
Potions
 d - a potion of might
 e - a potion of mutation
 g - 3 potions of curing {unknown}
 j - a potion of attraction {unknown}
 k - a potion of cancellation {unknown}
 n - a potion of haste {unknown}
 r - a potion of degeneration {unknown}
 z - a potion of enlightenment {unknown}


   Skills:
 + Level 4.6 Fighting
 * Level 5.8 Axes
 + Level 4.7 Armour
 - Level 3.2 Shields
 * Level 5.6 Invocations


You had 6 spell levels left.
You didn't know any spells.
Your spell library contained the following spells:

 Spells                   Type           Power      Damage    Failure   Level
 Apportation              Tloc           0%         N/A       45%         1
 Slow                     Hex            0%         N/A       45%         1
 Sting                    Conj/Alch      0%         1d3       45%         1
 Jinxbite                 Hex            0%         N/A       61%         2
 Mercury Vapours          Alch/Air       0%         N/A       61%         2
 Dazzling Flash           Conj/Hex       0%         N/A       83%         3
 Mephitic Cloud           Conj/Alch/Air  0%         N/A       83%         3
 Volatile Blastmotes      Fire/Tloc      0%         2d10      83%         3
 Olgreb's Toxic Radiance  Alch           0%         N/A       99%         4
 Alistair's Intoxication  Alch           0%         N/A       100%        5
 Curse of Agony           Necr           0%         N/A       100%        5
 Metabolic Englaciation   Hex/Ice        0%         N/A       100%        5
 Silence                  Hex/Air        0%         N/A       100%        5
 Dispersal                Tloc           0%         N/A       100%        6
 Starburst                Conj/Fire      0%         6d3       100%        6
 Disjunction              Tloc           0%         N/A       100%        8
 Maxwell's Capacitive Co  Air            0%         ∞         100%        8
 Chain Lightning          Conj/Air       0%         N/A       100%        9
 Fire Storm               Conj/Fire      0%         5d1       100%        9
 Shatter                  Erth           0%         3d5*      100%        9


Dungeon Overview and Level Annotations

Branches:
Dungeon (6/15)             Temple (1/1) D:5

Altars:
Ashenzari
Cheibriados
Dithmenos
Elyvilon
Fedhas
Gozag
Hepliaklqana
Kikubaaqudgha
Makhleb
Okawaru
Qazlal
Ru
Sif Muna
Trog
Uskayaw
Vehumet
Wu Jian
Xom
Yredelemnul
Zin

Shops:
D:1 *

Annotations:
D:3 2 runed translucent doors, yakattack's ghost, amateur CoHu


Innate Abilities, Weirdness & Mutations

Your spellcasting is much less encumbered by armour.
You can use scrolls of enchantment on lesser artefacts.
You passively map a small area around you.


Message History

You climb upwards.
There is a stone staircase leading down here.
You closely miss the gnoll. You barely miss the gnoll.
The gnoll hits you with a +0 flail! The gnoll closely misses you.
The gnoll hits you with a +0 flail.
You barely miss the gnoll. You hit the gnoll. The gnoll completely misses you.
The gnoll barely misses you.
You closely miss the gnoll. x2; The gnoll hits you with a +0 spear.
The gnoll hits you with a +0 flail.
You hit the gnoll but do no damage. You slash the gnoll!
You kill the gnoll!
Qazlal accepts your kill. The gnoll hits you but does no damage.
You hit the gnoll.
The gnoll is heavily wounded.
You slash the ice beast! The gnoll hits you with a +0 flail.
The ice beast hits you but does no damage.
The gnoll barely misses you.
You hit the gnoll.
The gnoll is heavily wounded.
You hit the ice beast but do no damage. The ice beast hits you.
The ice beast freezes you! The gnoll completely misses you.
You barely miss the ice beast.
The ice beast is moderately wounded.
You hit the gnoll. The ice beast completely misses you.
The gnoll hits you with a +0 flail! The ice beast hits you.
* * * LOW HITPOINT WARNING * * *
The ice beast freezes you!
* * * LOW HITPOINT WARNING * * *
Okay, then.
As you read the scroll labelled TAOROTHREANIP, it crumbles to dust.
A wave of despondency washes over your surroundings.
It was a scroll of vulnerability.
The gnoll closely misses you.
The ice beast hits you but does no damage.
As you read the scroll labelled SORYIH VEDGHAL, it crumbles to dust.
You feel aware of your surroundings.
It was a scroll of revelation.
The gnoll barely misses you. The ice beast hits you.
* * * LOW HITPOINT WARNING * * *
The ice beast freezes you!
You die...

#.# ### ###
##.######.#####
#.#########.#####.#.####
.#.##............###.###
###.#.#####.#####.#.####
.#..#.# ##.######.#####
#.....# ##.######.#####
###.#######.######.#####
#......[...>.g@Y.#####
##########)#####.#####
###.#####.#####
###.####.#.####****
###.###.###.......*
###.###..#.######.*
###.###.#.##### *,*
#..(..#.#.##### *,*
#.###.#,*,* *,*


You could see an ice beast (weak-willed) and a gnoll (weak-willed).

Vanquished Creatures
  A water moccasin (D:5)
  A bullfrog (D:6)
  A hound (D:4)
  2 jellies
  An orc priest (D:5)
  An orc wizard (D:5)
  4 gnolls
  9 adders
  2 dart slugs (D:1)
  5 ribbon worms
  5 orcs
  6 endoplasms
  7 giant cockroaches
  5 goblins
  6 hobgoblins
  7 kobolds
  2 quokkas
  3 ball pythons
  4 bats
  3 frilled lizards
  9 rats
84 creatures vanquished.

Notes
Turn   | Place    | Note
-------+----------+-------------------------------------------
     0 | D:1      | Nithhogg the Mountain Dwarf Fighter began the quest for the
                  | Orb.
     0 | D:1      | Reached XP level 1. HP: 19/19 MP: 1/1
    64 | D:1      | Reached skill level 1 in Invocations
    64 | D:1      | Reached XP level 2. HP: 11/26 MP: 2/2
   176 | D:1      | Found Tulio's Assorted Antiques.
   331 | D:1      | Reached XP level 3. HP: 27/31 MP: 4/4
   802 | D:2      | Reached XP level 4. HP: 21/40 MP: 4/6
   998 | D:2      | Found a faded altar of an unknown god.
  1551 | D:2      | Got Sif Muna's Cyclopedia of Ill Luck and Nonlocality
  1873 | D:3      | Reached XP level 5. HP: 46/46 MP: 7/7
  2430 | D:3      | Found a large runed translucent door.
  2431 | D:3      | Found a large runed translucent door.
  2453 | D:3      | Noticed yakattack's ghost (amateur CoHu)
  3152 | D:4      | Reached XP level 6. HP: 48/52 MP: 9/9
  3472 | D:5      | Entered Level 5 of the Dungeon
  3488 | D:5      | Found a staircase to the Ecumenical Temple.
  3675 | Temple   | Entered the Ecumenical Temple
  3745 | Temple   | Became a worshipper of Qazlal Stormbringer
  3952 | D:5      | Reached skill level 5 in Axes
  4198 | D:5      | Noticed a water moccasin
  4207 | D:5      | Gained mutation: Your muscles are strong. (Str +4, Int/Dex
                  | -1) [potion of mutation]
  4207 | D:5      | Gained mutation: You are occasionally teleported next to
                  | monsters. [potion of mutation]
  4207 | D:5      | Gained mutation: You are frail. (-10% HP) [potion of
                  | mutation]
  4222 | D:5      | Killed a water moccasin
  4223 | D:5      | Reached skill level 5 in Invocations
  4302 | D:5      | Lost mutation: You are frail. (-10% HP) [potion of
                  | mutation]
  4302 | D:5      | Lost mutation: You are occasionally teleported next to
                  | monsters. [potion of mutation]
  4302 | D:5      | Lost mutation: Your muscles are strong. (Str +4, Int/Dex
                  | -1) [potion of mutation]
  4302 | D:5      | Gained mutation: You passively map a small area around you.
                  | [potion of mutation]
  4406 | D:5      | Noticed an ice beast
  4459 | D:6      | Reached XP level 7. HP: 57/60 MP: 11/11
  4527 | D:5      | Slain by an ice beast

Illustrated notes

Levels and vault maps discovered:
D:1:      matt_arrival_grand_opening, layout_rooms, serial_shops,
          nicolae_lakefront_shop
D:2:      layout_basic, shapermc_ecumenical_altar_mp_highgroup,
          grunt_ministairs_3, serial_bayou_pond_d
D:3:      minmay_skewed_foursquare, layout_basic, ebering_ghost_disaster_area
D:4:      layout_cave_pools, kennysheep_doodads
D:5:      layout_loops_ring, minmay_temple_entry_overgrown
D:6:      layout_gridville
Temple:   mainiacjoe_temple_cubbyholes

Skill      XL: |  1  2  3  4  5  6 |
---------------+-------------------+-----
Invocations    | 1 2 3 4 5 |  5.6
Axes           | 3 4 5 |  5.8
Armour         | 4 |  4.7
Fighting       | 4 |  4.6
Shields        | |  3.2

Action                     |  1- 3 |  4- 6 |  7- 9 || total
---------------------------+-------+-------+-------++-------
  Melee: War axe           |    86 |   204 |     7 ||   297
    Use: Potion            |       |     5 |       ||     5
         Scroll            |       |       |     2 ||     2
 Armour: Scale mail        |    80 |   176 |    13 ||   269
  Dodge: Dodged            |    38 |   120 |    10 ||   168

Table legend: (Time is in decaauts)
 A = Elapsed time spent in this place.
 B = Non-inter-level travel time spent in this place.
 C = Inter-level travel time spent in this place.
 D = Time resting spent in this place.
 E = Time spent auto-exploring this place.
 F = Levels seen in this place.
 G = Mean time per level.
                   A        B        C        D        E       F      G
               +--------+--------+--------+--------+--------+-----+--------+
         Total |   4613 |   4426 |    187 |    244 |   3364 |   7 |  659.0 |
       Dungeon |   4499 |   4403 |     96 |    244 |   3364 |   6 |  749.8 |
        Temple |    113 |     22 |     91 |      0 |      0 |   1 |  113.0 |
               +--------+--------+--------+--------+--------+-----+--------+

Top non-repeatable levels by time:
     D:2: 1297 daAuts
     D:3: 999 daAuts
     D:5: 849 daAuts
     D:4: 638 daAuts
     D:1: 607 daAuts
  Temple: 113 daAuts
     D:6: 106 daAuts
